 Dungeon Crawl Stone Soup version 0.23-a0-636-g0ff6057 (console) character file.

116 bli the Skirmisher (level 4, 0/42 HPs)
             Began as a Draconian Wanderer on Dec 28, 2018.
             Was an Initiate of Dithmenos.
             Slain by an orc
             ... wielding a +0 short sword
              (2 damage)
             ... on level 3 of the Dungeon.
             The game lasted 00:07:26 (1801 turns).

bli the Skirmisher (Draconian Wanderer)             Turns: 1801, Time: 00:07:27

Health: 0/42       AC:  6    Str: 14    XL:     4   Next: 70%
Magic:  4/4        EV: 11    Int: 15    God:    Dithmenos [......]
Gold:   119        SH:  3    Dex:  9    Spells: 3/3 levels left

rFire    . . .     SeeInvis .   b - +0 mace
rCold    . . .     Gourm    .   m - +0 buckler
rNeg     . . .     Faith    .   (armour unavailable)
rPois    +         Spirit   .   (helmet restricted)
rElec    .         Reflect  .   (no cloak)
rCorr    .         Harm     .   g - +0 pair of gloves
MR       .....                  (no boots)
Stlth    +.........             (no amulet)
HPRegen  0.14/turn              s - ring of poison resistance
MPRegen  0.09/turn              (no ring)

@: no status effects
A: unfitting armour, cold-blooded, AC +5
a: Renounce Religion


You were on level 3 of the Dungeon.
You worshipped Dithmenos.
Dithmenos was noncommittal.
You were not hungry.

You visited 1 branch of the dungeon, and saw 3 of its levels.

You collected 119 gold pieces.

Inventory:

Hand Weapons
 a - a +2 hand crossbow
 b - a +0 mace (weapon)
 c - a +0 shortbow
 r - a +0 club
Missiles
 d - 50 arrows
 h - 13 stones (quivered)
 i - 26 bolts
 q - 34 sling bullets
Armour
 g - a +0 pair of gloves (worn)
 m - a +0 buckler (worn)
Jewellery
 s - a ring of poison resistance (left hand)
Scrolls
 l - a scroll of teleportation {unknown}
 n - a scroll of random uselessness {unknown}
 p - 2 scrolls of identify {unknown}
Potions
 e - a potion of lignification
 j - a potion of heal wounds {unknown}
 k - a potion of ambrosia {unknown}
 o - a potion of haste
 u - 2 potions of brilliance {unknown}
Comestibles
 f - 7 rations
 t - 4 chunks of flesh


   Skills:
 + Level 5.4 Fighting
 + Level 2.1 Maces & Flails
 + Level 3.3 Crossbows
 - Level 1.0 Throwing
 + Level 1.1 Dodging
 + Level 0.3 Stealth
 + Level 1.0 Shields


You had 3 spell levels left.
You didn't know any spells.
Your spell library was empty.

Dungeon Overview and Level Annotations

Branches:
Dungeon (3/15)

Altars:
Dithmenos
Nemelex Xobeh


Innate Abilities, Weirdness & Mutations

Your plain brown scales are hard. (AC +5)
You cannot fit into any form of body armour.
You are cold-blooded and may be slowed by cold attacks.


Message History

The orc wizard closely misses you. The rat closely misses you.
The orc priest invokes the aid of Beogh against you.
Pain shoots through your body!
* * * LOW HITPOINT WARNING * * *
The orc misses you.
You hit the orc priest.
You kill the orc priest!
Dithmenos accepts your kill.
Your Dodging skill increases to level 1!
The orc wizard closely misses you. The rat bites you.
* * * LOW HITPOINT WARNING * * *
You block the orc's attack. The rat closely misses you.
The orc wizard hits you but does no damage.
The orc barely misses you.
You hit the orc wizard but do no damage.
You tail-slap the orc wizard.
The orc wizard is moderately wounded.
The orc wizard hits you but does no damage.
The rat bites you but does no damage. The orc barely misses you.
The orc hits You die...

######### #.......#
#####.......#
#.......#...####
#......###.....#
#######..##..###..##.#
.......o.###..#..###.#
##@o.##[....##..###
#oor÷.....[.......#
#..o..##.........##..#
#....####..._...####.#
#(##..##.........##..#
.(.
..................#
#.#
#.....##.....##...##
.#
#.#..###..#..###..##
##.##..###..##....
#.....###......##
#......#...#.....


You could see an orc wizard, 4 orcs and a rat.

Vanquished Creatures
  An orc priest (D:3)
  A gnoll (D:1)
  An adder (D:2)
  A worm (D:2)
  A leopard gecko (D:2)
  4 orcs (D:3)
  A ball python (D:1)
  13 bats
  4 giant cockroaches
  5 goblins
  5 hobgoblins
  3 jackals (D:2)
  11 kobolds
  A quokka (D:2)
  2 frilled lizards (D:2)
  6 rats
60 creatures vanquished.

Notes
Turn   | Place    | Note
-------+----------+-------------------------------------------
     0 | D:1      | bli the Draconian Wanderer began the quest for the Orb.
     0 | D:1      | bli set off with the following items: a +2 hand crossbow,
                  | 21 bolts, a +0 shortbow, 26 arrows, a potion of
                  | lignification, a ration
     0 | D:1      | Reached XP level 1. HP: 22/22 MP: 1/1
   180 | D:1      | Reached XP level 2. HP: 28/28 MP: 2/2
   248 | D:1      | Reached skill level 5 in Fighting
   379 | D:1      | Reached XP level 3. HP: 30/36 MP: 3/3
  1241 | D:2      | Reached XP level 4. HP: 42/42 MP: 4/4
  1576 | D:2      | Found a sparkling altar of Nemelex Xobeh.
  1704 | D:3      | Found a shadowy altar of Dithmenos.
  1712 | D:3      | Became a worshipper of Dithmenos the Shadowed
  1800 | D:3      | Reached skill level 1 in Dodging
  1800 | D:3      | HP: 2/42 [rat (2)]
  1801 | D:3      | Slain by an orc

Vault maps used:
D:1:      saegor_arrival_simple_d
D:2:      lemuel_coloured_pillars_altar, first_ration
D:3:      minmay_door_path, overflow_temple_1_default, tgw_sif,
          nicolae_dithmenos_shadow_blocks

Skill      XL: |  1  2  3  4 |
---------------+-------------+-----
Crossbows      | 3 |  3.3
Fighting       | 5 |  5.4
Maces & Flails | 2 |  2.1
Dodging        | 1 |  1.1
Throwing       | |  1.0
Stealth        | |  0.3
Shields        | |  1.0

Action                   |  1- 3 |  4- 6 || total
-------------------------+-------+-------++-------
Melee: Club              |   149 |       ||   149
       Tailslap          |    10 |     3 ||    13
       Mace              |     1 |    45 ||    46
       Hand crossbow     |       |     1 ||     1
 Fire: Hand crossbow     |    31 |    15 ||    46
Throw: Stone             |       |     1 ||     1
 Stab: Sleeping          |     1 |       ||     1
  Eat: Chunk             |     1 |     2 ||     3
Armor: Skin              |    66 |    28 ||    94
Dodge: Dodged            |   133 |    35 ||   168
Block: Buckler           |    11 |     7 ||    18

Table legend:
 A = Non-vault XP
 B = Vault XP
 C = Vault XP percentage of total XP
 D = Non-vault monster count
 E = Vault monster count
 F = Vault count percentage of total count
                 A         B        C        D         E       F
            +---------+---------+-------+---------+---------+-------
      Total |     167 |       0 |   0.0 |      60 |       0 |   0.0
            +---------+---------+-------+---------+---------+-------
        D:1 |      53 |       0 |   0.0 |      26 |       0 |   0.0
        D:2 |      53 |       0 |   0.0 |      25 |       0 |   0.0
        D:3 |      61 |       0 |   0.0 |       9 |       0 |   0.0
            +---------+---------+-------+---------+---------+-------
